 Dungeon Crawl Stone Soup version 0.25-a0-294-gea9b1ad378 (webtiles) character file.

Game seed: 9280255850017370657, levelgen mode: deterministic

11 Redear the Skirmisher (level 2, 0/24 HPs)
             Began as a Mummy Monk on Dec 18, 2019.
             Slain by a jackal (3 damage)
             ... on level 1 of the Dungeon.
             The game lasted 00:01:14 (1175 turns).

Redear the Skirmisher (Mummy Monk)                  Turns: 1175, Time: 00:01:15

Health: 0/24       AC:  0    Str: 14    XL:     2   Next: 17%
Magic:  2/2        EV: 13    Int:  9    God:
Gold:   63         SH:  0    Dex: 14    Spells: 1/1 levels left

rFire    x . .     SeeInvis .     - Unarmed
rCold    + . .     Gourm    .   (no shield)
rNeg     + + +     Faith    .   (no armour)
rPois    ∞         Spirit   .   (no helmet)
rElec    .         Reflect  .   (no cloak)
rCorr    .         Harm     .   (no gloves)
MR       .....                  (no boots)
Stlth    ++........             (no amulet)
HPRegen  0.08/turn              (no ring)
MPRegen  0.08/turn              (no ring)

@: no status effects
A: no food or potions, fire vulnerability, cold resistance 1, negative energy
resistance 3, torment resistance, unbreathing
a: no special abilities


You were on level 1 of the Dungeon.
You were not hungry.

You visited 1 branch of the dungeon, and saw 2 of its levels.

You collected 63 gold pieces.

Inventory:

Missiles
 c - 30 stones (quivered)
Armour
 a - a +0 robe
Scrolls
 b - a scroll of remove curse {unknown}
 d - a scroll of identify {unknown}
 e - a scroll of magic mapping {unknown}


   Skills:
 + Level 3.1 Fighting
 + Level 2.6 Dodging
 + Level 1.8 Stealth
 + Level 2.5 Unarmed Combat


You had one spell level left.
You didn't know any spells.
Your spell library was empty.

Dungeon Overview and Level Annotations

Branches:
Dungeon (2/15)

Altars:


Innate Abilities, Weirdness & Mutations

You do not eat or drink.
Your flesh is vulnerable to fire.
You are immune to poison.
Your flesh is cold resistant. (rC+)
You are immune to negative energy. (rN+++)
You are immune to unholy pain and torment.
You can survive without breathing.


Message History

You are too injured to fight recklessly!
You are too injured to fight recklessly!
You are too injured to fight recklessly!
You are too injured to fight recklessly!
You are too injured to fight recklessly!
Unknown command.
Unknown command.
Unknown command.
The jackal bites you.
* * * LOW HITPOINT WARNING * * *
You climb upwards.
There is a stone staircase leading down here.
You take 1 damage, and have 2/24 hp.
You hit the jackal.
The jackal is almost dead.
The jackal closely misses you.
You miss the jackal.
The jackal is almost dead.
The jackal bites you.
You die...

##.......# #.#
##.......###.#####
#...............#
##.....(..#..#.#.#
..........#..#.#.#
#####.###.#....#.#
# #.###.#.##.#.# #
#.....#.##.#h# #
#.##...)....@#
#####.##.#####.###
#######
......##.#####.#
#.....#
##.##..........#
#.....#
#.##.##.#######
#.....######
#.......#
#......)...#
####.####
####.....####.#
##.##
####.......## #.#
#...# #..........#
#.#


You could see a jackal.

Vanquished Creatures
  A dart slug (D:1)
  A leopard gecko (D:1)
  A giant cockroach (D:1)
  A goblin (D:1)
  A hobgoblin (D:1)
  A jackal (D:2)
  A bat (D:1)
  A rat (D:1)
8 creatures vanquished.

Notes
Turn   | Place    | Note
-------+----------+-------------------------------------------
     0 | D:1      | Redear the Mummy Monk began the quest for the Orb.
     0 | D:1      | Reached XP level 1. HP: 18/18 MP: 1/1
   722 | D:1      | Reached XP level 2. HP: 17/24 MP: 2/2
  1172 | D:2      | HP: 2/24 [jackal (1)]
  1175 | D:1      | Slain by a jackal

Levels and vault maps discovered:
D:1:      dpeg_arrival_arbitrary_c, layout_loops_cross, serial_forest,
          infiniplex_forest_lined_3_way, infiniplex_forest_side_room,
          infiniplex_forest_lined_room_, infiniplex_forest_clump_small
D:2:      layout_rooms, tso_metal_star

Action                   || total
-------------------------++-------
Melee: Unarmed           ||    36
 Stab: Sleeping          ||     2
Dodge: Dodged            ||    23

Table legend:
 A = Non-vault XP
 B = Vault XP
 C = Vault XP percentage of total XP
 D = Non-vault monster count
 E = Vault monster count
 F = Vault count percentage of total count
                 A         B        C        D         E       F
            +---------+---------+-------+---------+---------+-------
      Total |      17 |       0 |   0.0 |       8 |       0 |   0.0
            +---------+---------+-------+---------+---------+-------
        D:1 |      15 |       0 |   0.0 |       7 |       0 |   0.0
        D:2 |       2 |       0 |   0.0 |       1 |       0 |   0.0
            +---------+---------+-------+---------+---------+-------
